 Dungeon Crawl Stone Soup version 0.31-a0-161-gb58dd9be76 (webtiles) character file.

Game seed: 436713299487611394

55 qw the Chopper (level 3, 0/23 HPs)
             Began as a Gargoyle Fighter on June 12, 2023.
             Slain by a gnoll
             ... wielding a +0 spear
              (6 damage)
             ... on level 2 of the Dungeon.
             The game lasted 00:00:37 (893 turns).

qw the Chopper (Gargoyle Fighter)                    Turns: 893, Time: 00:00:37

Health: 0/23       AC: 10    Str: 21    XL:     3   Next: 93%
Magic:  3/3        EV:  9    Int:  8    God:
Gold:   101        SH:  4    Dex:  9    Spells: 2/2 levels left

rFire   . . .        Y - +0 war axe
rCold   . . .        c - +0 buckler
rNeg    + . .        b - +0 scale mail
rPois   inf          (no helmet)
rElec   +            (no cloak)
rCorr   .            (no gloves)
SInv    .            (no boots)
Will    .....        j - amulet of regeneration Stlth
                     (no ring)
HPRegen 1.03/turn    (no ring)
MPRegen 0.08/turn

%: no passive effects
@: no status effects
A: sickness immunity, AC +3, negative energy resistance 1, electricity
resistance, torment resistance 1, petrification resistance
a: no special abilities


You were on level 2 of the Dungeon.
You visited 1 branch of the dungeon, and saw 2 of its levels.

You collected 101 gold pieces.


Innate Abilities, Weirdness & Mutations

You are immune to sickness and miasma.
Your stone body is resilient. (AC +3)
You are immune to poison.
You resist negative energy. (rN+)
You are resistant to electric shocks. (rElec)
You are resistant to unholy torment.
You are immune to petrification.


   Skills:
 - Level 3.2 Fighting
 + Level 3.7 Axes
 - Level 3.2 Armour
 - Level 3.2 Shields


You had 2 spell levels left.
You didn't know any spells.
Your spell library was empty.

Inventory:

Hand Weapons
 e - a +0 whip
 Y - a +0 war axe (weapon)
Armour
 b - a +0 scale mail (worn)
 c - a +0 buckler (worn)
Jewellery
 j - an amulet of regeneration (around neck)
Scrolls
 a - a scroll of enchant armour {unknown}
Potions
 d - a potion of might
 k - a potion of haste

Dungeon Overview and Level Annotations

Branches:
Dungeon (2/15)

Altars:


Message History

The gnoll is moderately wounded.
The gnoll hits you with a +0 whip.
The gnoll hits you from afar with a +0 spear.
The gnoll hits you but does no damage. The gnoll hits you with a +0 whip.
You slash the gnoll!
The gnoll is almost dead.
You block the gnoll's attack.
The gnoll hits you from afar with a +0 spear.
You closely miss the gnoll.
The gnoll is almost dead.
The gnoll barely misses you.
The gnoll hits you from afar with a +0 spear.
You barely miss the gnoll.
The gnoll is almost dead.
The gnoll barely misses you. The gnoll hits you but does no damage.
The gnoll closely misses you. The gnoll hits you but does no damage.
You hit the gnoll.
You kill the gnoll!
The gnoll hits you but does no damage.
You hit the gnoll.
The gnoll is moderately wounded.
You block the gnoll's attack. The gnoll barely misses you.
You hit the gnoll.
The gnoll is severely wounded.
The gnoll barely misses you. x2; You block the gnoll's attack.
The gnoll hits you from afar with a +0 spear.
You hit the gnoll but do no damage.
The gnoll is severely wounded.
The gnoll barely misses you.
The gnoll hits you from afar with a +0 spear.
You barely miss the gnoll.
The gnoll is severely wounded.
The gnoll hits you but does no damage. The gnoll barely misses you.
The gnoll hits you from afar with a +0 spear.
The gnoll hits you but does no damage.
You hit the gnoll.
The gnoll is almost dead.
The gnoll hits you with a +0 club.
The gnoll hits you from afar with a +0 spear.
You die...

# .## ..gg
#####..... #.
+..g...g.. ..
#g# #. #@# ..
#.#####.###..#
#.##.........#
#.##.#.........
#.#............
#..........#.##
#.#..##.#..>...
#.
#....##.#....##
#.
#.##>..........


You could see 2 gnolls.

Vanquished Creatures
  A gnoll (D:2)
  2 adders (D:2)
  A ball python (D:2)
  3 bats
  4 endoplasms
  A giant cockroach (D:1)
  3 goblins
  2 hobgoblins
  2 quokkas
  A frilled lizard (D:1)
  4 kobolds
  3 rats
27 creatures vanquished.

Notes
Turn   | Place    | Note
-------+----------+-------------------------------------------
     0 | D:1      | qw the Gargoyle Fighter began the quest for the Orb.
     0 | D:1      | Reached XP level 1. HP: 14/14 MP: 1/1
     0 | D:1      | 0 ||| qw: Version: 0.2-a-29-gc1b59c4
     0 | D:1      | 0 ||| qw: Game counter: 4183
     0 | D:1      | 0 ||| qw: Always use a shield: true
     0 | D:1      | 0 ||| qw: God list: Okawaru
     0 | D:1      | 0 ||| qw: Allow faded altars: false
     0 | D:1      | 0 ||| qw: Do Orc after D:15 true
     0 | D:1      | 0 ||| qw: Do second Lair branch before Depths: true
     0 | D:1      | 0 ||| qw: Lair rune preference: random
     0 | D:1      | 0 ||| qw: Plans: Normal, Zot:1-4, Slime:5, God:TSO, Crypt,
                  | Tomb, Abyss, Pan, Hells, Win
     0 | D:1      | 0 ||| PLANNING D:1-11
   149 | D:1      | Reached XP level 2. HP: 19/19 MP: 2/2
   266 | D:1      | 266 ||| Stepping ~*~*~tactically~*~*~ (hiding).
   267 | D:1      | 267 ||| Stepping ~*~*~tactically~*~*~ (hiding).
   268 | D:1      | 268 ||| Stepping ~*~*~tactically~*~*~ (hiding).
   512 | D:1      | 512 ||| UPGRADING to amulet of regeneration.
   517 | D:1      | 517 ||| READING scroll labelled JOIRUEVALE.
   518 | D:1      | 518 ||| READING scroll labelled TORPHY TORGH.
   519 | D:1      | 519 ||| READING scroll labelled IXICRU VUSH.
   620 | D:1      | 620 ||| READING scroll labelled ONKAPS MISUJ.
   621 | D:1      | 621 ||| READING scroll labelled LIXZYWIUHE.
   622 | D:1      | 622 ||| DRINKING 2 puce potions.
   666 | D:2      | Reached skill level 3 in Axes
   685 | D:2      | Reached XP level 3. HP: 23/23 MP: 3/3
   711 | D:2      | 711 ||| Stepping ~*~*~tactically~*~*~ (stealth).
   712 | D:2      | 712 ||| Stepping ~*~*~tactically~*~*~ (stealth).
   734 | D:2      | 734 ||| Stepping ~*~*~tactically~*~*~ (stealth).
   745 | D:2      | 745 ||| Stepping ~*~*~tactically~*~*~ (stealth).
   766 | D:2      | 766 ||| Stepping ~*~*~tactically~*~*~ (stealth).
   827 | D:2      | 827 ||| DROPPING +0 club.
   875 | D:2      | 875 ||| Stepping ~*~*~tactically~*~*~ (hiding).
   893 | D:2      | Slain by a gnoll

Levels and vault maps discovered:
D:1:      dpeg_arrival_tiny_j, layout_rooms, minmay_pentomino_z4
D:2:      layout_basic, serial_shops, nicolae_shop_stone,
          hellmonk_ecumenical_altar_lost_god

Skill      XL: |  1  2 |
---------------+-------+-----
Axes           | 2 3 |  3.7
Fighting       | |  3.2
Armour         | |  3.2
Shields        | |  3.2

Action                     || total
---------------------------++-------
  Melee: War axe           ||    98
    Use: Scroll            ||     5
         Potion            ||     1
 Armour: Scale mail        ||    40
  Dodge: Dodged            ||    35
  Block: Buckler           ||    16

Table legend:
 A = Non-vault XP
 B = Vault XP
 C = Vault XP percentage of total XP
 D = Non-vault monster count
 E = Vault monster count
 F = Vault count percentage of total count
                 A         B        C        D         E       F
            +---------+---------+-------+---------+---------+-------
      Total |      78 |       1 |   1.3 |      26 |       1 |   3.7
            +---------+---------+-------+---------+---------+-------
        D:1 |      17 |       1 |   5.6 |      10 |       1 |   9.1
        D:2 |      61 |       0 |   0.0 |      16 |       0 |   0.0
            +---------+---------+-------+---------+---------+-------
